 Dungeon Crawl Stone Soup version 0.30-a0-358-g0d69a1922f (webtiles) character file.

Game seed: 14013472484549142437

8825 NinjaNoafa the Slicer (level 11, -8/47 HPs)
             Began as a Spriggan Venom Mage on Nov 8, 2022.
             Was an Initiate of Gozag.
             Mangled by a death yak (13 damage)
             ... on level 1 of the Lair of Beasts.
             The game lasted 00:41:04 (14494 turns).

NinjaNoafa the Slicer (Spriggan Venom Mage)        Turns: 14494, Time: 00:41:05

Health: -8/47      AC: 11    Str:  4      XL:     11   Next: 15%
Magic:  12/21      EV: 24    Int: 21 (22) God:    Gozag
Gold:   934        SH:  0    Dex: 21      Spells: 3/22 levels left

rFire   . . .      SeeInvis +    K - +5 dagger
rCold   . . .      Faith    .    z - orb {*channel}
rNeg    . . .      Spirit   .    G - +3 steam dragon scales
rPois   .          Reflect  .    (helmet currently unavailable)
rElec   .          Harm     .    A - +2 cloak
rCorr   .          Rampage  .    (gloves unavailable)
Will    +....                    (boots unavailable)
Stlth   +++.......               N - amulet of the acrobat
HPRegen 0.27/turn                B - ring of wizardry
MPRegen 0.17/turn                P - +6 ring of dexterity

@: about to teleport, appendages, wereblooded, very quick
A: horns 2, talons 2, very small, no large weapons, unfitting armour, see
invisible, speed 3
a: End Transformation, Renounce Religion, Potion Petition, Call Merchant, Bribe
Branch


You were on level 1 of the Lair of Beasts.
You worshipped Gozag.
Gozag was pleased with you.
You had temporarily grown beastly horns and talons.
You visited 3 branches of the dungeon, and saw 12 of its levels.
You also visited: Sewer.

You collected 1476 gold pieces.
You spent 468 gold pieces at shops.
You paid 74 gold pieces to Gozag.

Inventory:

Hand Weapons
 K - a +5 dagger (weapon)
Missiles
 d - 58 stones
 i - 11 poisoned darts
 m - 10 boomerangs
 x - 3 throwing nets
Armour
 p - a +0 hat (melded)
 z - an orb of energy (worn)
 A - a +2 cloak (worn)
 G - +3 steam dragon scales (worn)
Jewellery
 e - a ring of willpower
 s - a ring of positive energy
 y - a ring of ice
 B - a ring of wizardry (left hand)
 J - a +4 ring of protection
 N - an amulet of the acrobat (around neck)
 P - a +6 ring of dexterity (right hand)
Wands
 n - a wand of flame (20)
 w - a wand of mindburst (16)
 Q - a wand of iceblast (5)
Scrolls
 b - 2 scrolls of fear
 c - a scroll of noise
 f - 6 scrolls of vulnerability
 g - 3 scrolls of immolation
 k - 2 scrolls of summoning
 l - a scroll of amnesia
 o - 2 scrolls of poison {unknown}
 q - 4 scrolls of teleportation
 r - 3 scrolls of blinking {unknown}
 v - 2 scrolls of silence {unknown}
 R - a scroll of butterflies {unknown}
Potions
 a - 3 potions of attraction
 h - 2 potions of lignification {unknown}
 j - 2 potions of flight {unknown}
 t - 2 potions of resistance {unknown}
 u - 2 potions of mutation
 C - 3 potions of degeneration {unknown}
 D - 4 potions of heal wounds {unknown}
 E - 3 potions of curing
 F - a potion of brilliance {unknown}
 I - a potion of ambrosia
 L - 2 potions of invisibility {unknown}
 M - a potion of berserk rage {unknown}
 O - a potion of might


   Skills:
 - Level 9.0 Short Blades
 + Level 8.8 Dodging
 - Level 3.0 Stealth
 + Level 6.4 Spellcasting
 - Level 7.0 Hexes
 - Level 7.0 Translocations
 - Level 3.0 Transmutations
 - Level 3.0 Air Magic
 - Level 8.0 Poison Magic
 + Level 8.3 Evocations


You had 3 spell levels left.
You knew the following spells:

 Your Spells              Type           Power      Damage    Failure   Level
a - Sting                 Tmut/Pois      100%       1d8       1%          1
b - Cause Fear            Hex            18%        N/A       2%          4
c - Ensorcelled Hibernat  Hex/Ice        42%        N/A       1%          2
e - Wereblood             Tmut           19%        N/A       1%          2
f - Olgreb's Toxic Radia  Pois           40%        N/A       1%          4
g - Manifold Assault      Tloc           36%        N/A       2%          4
h - Blink                 Tloc           72%        N/A       1%          2

Your spell library contained the following spells:

 Spells                   Type           Power      Damage    Failure   Level
 Apportation              Tloc           72%        N/A       1%          1
 Beastly Appendage        Tmut           38%        N/A       1%          1
 Poisonous Vapours        Pois/Air       58%        N/A       1%          2
 Spider Form              Tmut/Pois      29%        N/A       1%          3
 Mephitic Cloud           Conj/Pois/Air  22%        N/A       2%          3
 Summon Guardian Golem    Hex/Summ       21%        N/A       2%          3
 Passwall                 Tmut/Erth      10%        N/A       3%          2
 Swiftness                Air            19%        N/A       3%          3
 Magic Dart               Conj           24%        1d4       4%          1
 Necrotise                Necr           24%        1d5       4%          1
 Summon Small Mammal      Summ           24%        N/A       4%          1
 Call Imp                 Summ           6%         N/A       6%          2
 Call Canine Familiar     Summ           6%         N/A       12%         3
 Passage of Golubria      Tloc           36%        N/A       2%          4
 Airstrike                Air            9%         2d(2-18)  11%         4
 Silence                  Hex/Air        13%        N/A       13%         5
 Summon Lightning Spire   Summ/Air       13%        N/A       21%         4
 Lightning Bolt           Conj/Air       6%         1d18      45%         5
 Iskenderun's Battlesphe  Conj           6%         2d6       67%         5
 Iron Shot                Conj/Erth      3%         9d2       99%         6
 Dragon Form              Tmut           9%         N/A       100%        7
 Ozocubu's Refrigeration  Ice            3%         4d8       100%        7
 Spellforged Servitor     Conj/Summ      3%         N/A       100%        7
 Storm Form               Tmut/Air       9%         N/A       100%        7
 Ignition                 Fire           3%         3d4       100%        8
 Lehudib's Crystal Spear  Conj/Erth      3%         10d2      100%        8
 Maxwell's Capacitive Co  Air            9%         ∞         100%        8
 Dragon's Call            Summ           3%         N/A       100%        9


Dungeon Overview and Level Annotations

Branches:
Dungeon (10/15)            Temple (1/1) D:5            Lair (1/5) D:10
  Sewer (visited)
    Orc: D:9-12

Altars:
Ashenzari
Cheibriados
Dithmenos
Elyvilon
Fedhas
Gozag
Hepliaklqana
Kikubaaqudgha
Makhleb
Nemelex Xobeh
Okawaru
Qazlal
Ru
Sif Muna
Trog
Uskayaw
Vehumet
Wu Jian
Xom
Yredelemnul
Zin
The Shining One

Shops:
D:2 =   D:8 *


Innate Abilities, Weirdness & Mutations

You have temporarily grown beastly horns and talons.
You are very small and have problems with some larger weapons.
You are too small for most types of armour.
You have supernaturally acute eyesight. (SInv)
You cover ground extremely quickly. (Speed+++)


Message History

Confirm with . or Enter, or press ? or * to list all spells.
You grow a pair of large bovine horns.
Your feet morph into talons.
Your +0 hat melds into your body.
The death yak bellows!
The death yak looks even sicker. x3; The death yak is poisoned.
The death yak looks even sicker.
Your toxic aura wanes.
The death yak completely misses you.
Casting: Beastly Appendage (safe; 2% risk of failure)
Confirm with . or Enter, or press ? or * to list all spells.
Your blood is infused with primal strength.
The death yak gores you but does no damage.
The death yak misses you.
Forget Beastly Appendage, freeing 1 spell level for a total of 3?
Your memory of Beastly Appendage unravels.
The death yak misses you.
This is a scroll of acquirement!
Something appears at your feet! The death yak gores you!
The death yak closely misses you.
B - a ring of wizardry The death yak completely misses you.
The death yak gores you!!
* * * LOW HITPOINT WARNING * * *
The death yak gores you.
* * * LOW HITPOINT WARNING * * *
Unknown command.
The death yak looks more healthy.
The death yak completely misses you.
The death yak gores you but does no damage.
You feel better. The death yak gores you!
* * * LOW HITPOINT WARNING * * *
The death yak completely misses you.
Okay, then.
You're wearing all the rings you can.
Remove which one? (? for menu, Esc to cancel) < or
J - a +4 ring of protection; > or
P - a +6 ring of dexterity You remove your +4 ring of protection.
B - a ring of wizardry (left hand)
As you read the scroll of teleportation, it crumbles to dust.
You feel strangely unstable. The death yak gores you!
You die...
Your body crumbles into a pile of gold.

..~.~~~~.## ##........#
##......## #........#
......).# ####
##.?.....# ###
#####.#.##........P
..####....###...Y.......
...........#....Y.Y.....
................Y.......
................@Y......
.........##.^...........
#.#.....................
#.⌠.#....##.............
.....#.#####.P#.......##
..>.⌠### ####.......#
......# #........# .#.#
........##


You could see 5 death yaks.

Vanquished Creatures
  Maggie (D:6)
  A komodo dragon (D:10)
  A merfolk (D:9)
  3 trolls
  Grinder (D:6)
  4 blink frogs (Lair:1)
  14 yaks
  A wraith (D:7)
  A wyvern (D:8)
  Eustachio (D:6)
  2 basilisks (Lair:1)
  Edmund (Temple)
  Menkaure (D:5)
  A water moccasin (Lair:1)
  3 orc warriors
  A black bear (Lair:1)
  An ice beast (D:8)
  2 centaurs (D:9)
  3 phantoms
  A kobold brigand (D:7)
  4 bullfrogs
  A gnoll sergeant (D:4)
  6 scorpions
  8 wights
  3 killer bees (D:9)
  3 howler monkeys
  An electric eel (Lair:1)
  5 hounds
  9 orc priests
  A jelly (D:6)
  4 iguanas
  Jessica (D:3)
  10 orc wizards
  A hell rat (Sewer)
  Robin (D:3)
  7 adders
  7 gnolls
  4 river rats (Sewer)
  A shadow imp (D:6)
  2 ufetubi
  2 worms (D:3)
  3 dart slugs
  29 orcs
  6 ball pythons
  8 endoplasms
  2 giant cockroaches (D:6)
  23 goblins
  11 hobgoblins
  4 jackals (D:4)
  3 quokkas
  13 bats
  4 frilled lizards
  16 kobolds
  8 rats
255 creatures vanquished.

Notes
Turn   | Place    | Note
-------+----------+-------------------------------------------
     0 | D:1      | NinjaNoafa the Spriggan Venom Mage began the quest for the
                  | Orb.
     0 | D:1      | Reached XP level 1. HP: 9/9 MP: 5/5
   263 | D:1      | Found a faded altar of an unknown god.
   301 | D:1      | Reached XP level 2. HP: 13/13 MP: 3/6
   962 | D:1      | Reached XP level 3. HP: 16/16 MP: 6/8
  1195 | D:2      | Identified the +7 sling "Hirunykh" {antimagic, Drain rF-
                  | Str+5 Dex+4}
  1453 | D:2      | Reached XP level 4. HP: 21/21 MP: 5/9
  1674 | D:2      | Found Umivuc's Jewellery Shoppe.
  1829 | D:3      | Noticed Jessica
  1843 | D:3      | Killed Jessica
  1958 | D:3      | Reached skill level 5 in Poison Magic
  2448 | D:3      | Found a shimmering blue altar of Sif Muna.
  2908 | D:2      | Reached XP level 5. HP: 24/24 MP: 5/10
  3119 | D:3      | Learned a level 2 spell: Poisonous Vapours
  3640 | D:3      | Reached XP level 6. HP: 4/28 MP: 1/11
  4731 | D:4      | Found an ancient bone altar of Kikubaaqudgha.
  5148 | D:4      | Reached XP level 7. HP: 28/32 MP: 6/12
  5513 | D:5      | Entered Level 5 of the Dungeon
  5541 | D:4      | Reached skill level 1 in Short Blades
  5919 | D:5      | Reached skill level 2 in Short Blades
  6137 | D:5      | Reached skill level 3 in Short Blades
  6309 | D:5      | Noticed Menkaure
  6322 | D:5      | Killed Menkaure
  6458 | D:5      | Found a staircase to the Ecumenical Temple.
  6470 | D:5      | Reached XP level 8. HP: 36/36 MP: 9/15
  6473 | D:5      | Learned a level 2 spell: Ensorcelled Hibernation
  6511 | Temple   | Entered the Ecumenical Temple
  6566 | Temple   | Became a worshipper of Gozag Ym Sagoz the Greedy
  6581 | D:5      | Noticed Edmund
  6702 | Temple   | Killed Edmund
  6703 | Temple   | Reached skill level 4 in Short Blades
  7400 | D:6      | Noticed Grinder
  7413 | D:6      | Reached skill level 5 in Hexes
  7439 | D:6      | Killed Grinder
  7440 | D:6      | Reached skill level 5 in Short Blades
  7440 | D:6      | Reached skill level 5 in Spellcasting
  7601 | D:6      | Noticed Eustachio
  7602 | D:6      | Found a glowing drain.
  7634 | Sewer    | Entered a sewer
  7964 | D:6      | Killed Eustachio
  7965 | D:6      | Reached skill level 5 in Dodging
  8398 | D:6      | Noticed Maggie
  8405 | D:6      | Killed Maggie
  8406 | D:6      | Reached XP level 9. HP: 39/39 MP: 10/17
  8408 | D:6      | Learned a level 1 spell: Beastly Appendage
  8411 | D:6      | Learned a level 2 spell: Wereblood
  9118 | D:7      | Reached skill level 6 in Short Blades
  9602 | D:7      | Noticed a troll
  9972 | D:2      | Bought a +4 ring of protection for 468 gold pieces
 10049 | D:3      | Noticed Robin
 10066 | D:3      | Killed Robin
 10772 | D:7      | Killed a troll
 10773 | D:7      | Reached skill level 7 in Short Blades
 10773 | D:7      | Reached skill level 5 in Evocations
 11684 | D:8      | Reached XP level 10. HP: 44/44 MP: 15/18
 11706 | D:8      | Found an iron altar of Okawaru.
 11707 | D:8      | Found Xudiy's Fire Supplies.
 11744 | D:8      | Learned a level 4 spell: Olgreb's Toxic Radiance
 11821 | D:8      | Reached skill level 8 in Short Blades
 12326 | D:9      | Reached skill level 9 in Short Blades
 12910 | D:9      | Reached skill level 5 in Translocations
 13125 | D:9      | Learned a level 4 spell: Manifold Assault
 13579 | D:10     | Entered Level 10 of the Dungeon
 13787 | D:10     | Found a staircase to the Lair.
 13831 | Lair:1   | Entered Level 1 of the Lair of Beasts
 13958 | Lair:1   | Noticed a death yak
 13958 | Lair:1   | Noticed a death yak
 14019 | Lair:1   | Learned a level 2 spell: Blink
 14075 | Lair:1   | Reached XP level 11. HP: 9/47 MP: 13/20
 14334 | Lair:1   | Learned a level 4 spell: Cause Fear
 14477 | Lair:1   | Noticed a death yak
 14478 | Lair:1   | Noticed a death yak
 14481 | Lair:1   | Noticed a death yak
 14485 | Lair:1   | Identified a scroll of acquirement
 14485 | Lair:1   | Acquired a ring of wizardry
 14494 | Lair:1   | Mangled by a death yak

Illustrated notes

Levels and vault maps discovered:
D:1:      mushboom_english_gardens, layout_basic, basic_ecumenical_altar
D:2:      layout_basic, serial_shops, nicolae_lakefront_shop
D:3:      layout_basic, mainiacjoe_overflow_paths, minivault_26, uniq_robin,
          uniq_jessica
D:4:      layout_loops_corners, mainiacjoe_overflow_chevrons, serial_rivers,
          chequers_serial_rivers_micro_e, chequers_serial_rivers_micro_a,
          chequers_serial_rivers_room_b, chequers_serial_rivers_micro_c
D:5:      layout_loops_ring, minmay_temple_entry_water_ring, uniq_edmund,
          uniq_menkaure
D:6:      layout_basic, cheibrodos_sewer_entry_drain, uniq_maggie, uniq_grinder,
          uniq_eustachio
D:7:      layout_gridville, enter_bailey_5
D:8:      layout_rooms, okawaru_trees_2, nicolae_shop_fire_sale
          [nicolae_sub_dead_trees], hangedman_decor_riveting
D:9:      layout_long_grid, hangedman_fish_farm
D:10:     cheibrodos_wizards_tower, layout_basic, serial_corexii_hall,
          corexii_hall_statues_t, corexii_hall_statues_u,
          minmay_misc_feat_columns
Temple:   hellmonk_temple_of_storms
Lair:1:   layout_hall_layers, infiniplex_staircase_pool, grunt_megastairs_1

Skill      XL: |  1  2  3  4  5  6  7  8  9 10 11 |
---------------+----------------------------------+-----
Transmutations | 2 3 |  3.0
Poison Magic   | 4 5 7 8 |  8.0
Dodging        | 3 7 8 |  8.8
Spellcasting   | 3 4 5 6 |  6.4
Air Magic      | 3 |  3.0
Short Blades   | 3 5 7 9 |  9.0
Hexes          | 3 5 7 |  7.0
Evocations     | 2 7 8 |  8.3
Translocations | 7 |  7.0
Stealth        | |  3.0

Action                   |  1- 3 |  4- 6 |  7- 9 | 10-12 || total
-------------------------+-------+-------+-------+-------++-------
Melee: Unarmed           |     9 |       |       |       ||     9
       Short sword       |     2 |    14 |       |       ||    16
       Dagger            |       |    34 |   310 |   171 ||   515
       Punch             |       |       |     6 |     3 ||     9
       Kick              |       |       |    76 |    28 ||   104
       Headbutt          |       |       |    51 |    17 ||    68
 Cast: Sting             |    78 |   110 |   156 |    34 ||   378
       Poisonous Vapours |       |    36 |    42 |    19 ||    97
       Ensorcelled Hiber |       |       |    34 |    16 ||    50
       Beastly Appendage |       |       |    19 |     8 ||    27
       Wereblood         |       |       |     9 |     7 ||    16
       Olgreb's Toxic Ra |       |       |       |    13 ||    13
       Manifold Assault  |       |       |       |     9 ||     9
       Blink             |       |       |       |     1 ||     1
       Cause Fear        |       |       |       |     1 ||     1
  Use: Potion            |     2 |     2 |     7 |     4 ||    15
       Scroll            |     3 |     2 |     7 |     8 ||    20
 Stab: Sleeping          |       |     1 |    16 |     8 ||    25
Armor: Robe              |    24 |    11 |    16 |       ||    51
       Steam dragon scal |       |       |    45 |    56 ||   101
Dodge: Dodged            |    90 |    92 |   390 |   210 ||   782

Table legend: (Time is in decaauts)
 A = Elapsed time spent in this place.
 B = Non-inter-level travel time spent in this place.
 C = Inter-level travel time spent in this place.
 D = Time resting spent in this place.
 E = Time spent auto-exploring this place.
 F = Levels seen in this place.
 G = Mean time per level.
                   A        B        C        D        E       F      G
               +--------+--------+--------+--------+--------+-----+--------+
         Total |  11298 |  10635 |    663 |      0 |   8379 |  13 |  869.1 |
       Dungeon |  10192 |   9555 |    637 |      0 |   7567 |  10 | 1019.2 |
        Temple |    244 |    218 |     26 |      0 |    174 |   1 |  244.0 |
          Lair |    564 |    564 |      0 |      0 |    402 |   1 |  564.0 |
         Sewer |    296 |    296 |      0 |      0 |    235 |   1 |  296.0 |
               +--------+--------+--------+--------+--------+-----+--------+

Top non-repeatable levels by time:
     D:3: 1646 daAuts
     D:7: 1434 daAuts
     D:4: 1359 daAuts
     D:5: 1139 daAuts
     D:6: 1106 daAuts
     D:9: 1047 daAuts
     D:1: 1034 daAuts
     D:2: 676 daAuts
  Lair:1: 564 daAuts
     D:8: 563 daAuts
   Sewer: 296 daAuts
  Temple: 244 daAuts
    D:10: 183 daAuts
